BSA
GREENVILLE 84S @ CHICAGO MACHINE
07/11/2030
 
TOP OF THE 1ST
Greenville 84s batting - Pitching for Chicago Machine : RHP Craig Smith
Pitching: RHP Craig Smith
Batting: LHB Stanley Smith 0-0: Called Strike
0-1: Ball
1-1: SOLO HOME RUN (Flyball, 9LD), Distance : 386 ft
Batting: LHB Juan Cortés 0-0: Ball
1-0: Called Strike
1-1: Ball
2-1: Foul Ball, location: 2F
2-2: Foul Ball, location: 2F
2-2: Ground out 1-3 (Groundball, 15S)
Batting: RHB Enzo Díaz 0-0: Ball
1-0: Ball
2-0: Ball
3-0: Called Strike
3-1: Fly out, F8 (Line Drive, 8RS)
Now in CF: Burt Ward
Batting: LHB Brock Larsen 0-0: Ball
1-0: Ball
2-0: Swinging Strike
2-1: Ball
3-1: Foul Ball, location: 2F
3-2: Base on Balls
Batting: LHB Jimmy Vickers 0-0: Ball
1-0: Ball
2-0: Foul Ball, location: 2F
2-1: Ball
3-1: Fly out, F5 (Popup, 5)
Top of the 1st over - 1 run, 1 hit, 0 errors, 1 left on base; Greenville 1 - Chicago 0
BOTTOM OF THE 1ST
Chicago Machine batting - Pitching for Greenville 84s : RHP Andrés Vázquez
Pitching: RHP Andrés Vázquez
Batting: RHB Pablo Sandoval 0-0: Fly out, F8 (Flyball, 8LS)
Batting: LHB Burt Ward 0-0: Ball
1-0: Foul Ball, location: 2F
1-1: Foul Ball, location: 2F
1-2: Ball
2-2: Ball
3-2: Ground out 5-3 (Groundball, 56)
Batting: RHB Doug Stephens 0-0: Ball
1-0: Ball
2-0: Ball
3-0: Called Strike
3-1: Swinging Strike
3-2: Base on Balls
Batting: LHB Bernardo Montés 0-0: Foul Ball, location: 2F
0-1: Ball
1-1: Called Strike
1-2: Foul Ball, location: 2F
1-2: Ball
2-2: Fly out, F8 (Flyball, 8LM)
Bottom of the 1st over - 0 runs, 0 hits, 0 errors, 1 left on base; Greenville 1 - Chicago 0
TOP OF THE 2ND
Greenville 84s batting - Pitching for Chicago Machine : RHP Craig Smith
Batting: RHB Casey Fox 0-0: DOUBLE (Line Drive, 78XD)
Batting: LHB Robert Moore 0-0: Ball
1-0: Ball
2-0: Swinging Strike
2-1: Called Strike
2-2: Strikes out swinging
Batting: RHB Robert Buckley 0-0: SINGLE (Groundball, 4MD)
Casey Fox to third
Runner from 3rd tries for Home, SAFE, throw made home
Batting: RHB Jeff Packard 0-0: Ball
Pickoff Throw to First - Out!
1-0: Called Strike
1-1: SINGLE (Line Drive, 7LS)
Batting: LHB Stanley Smith 0-0: Swinging Strike
0-1: TRIPLE (Groundball, 3L)
Jeff Packard scores
Batting: LHB Juan Cortés 0-0: Called Strike
0-1: Ball
1-1: Swinging Strike
1-2: Fly out, F7 (Flyball, 78M)
Top of the 2nd over - 2 runs, 4 hits, 0 errors, 1 left on base; Greenville 3 - Chicago 0
BOTTOM OF THE 2ND
Chicago Machine batting - Pitching for Greenville 84s : RHP Andrés Vázquez
Batting: SHB José Alomar 0-0: Fly out, F9 (Flyball, 9S)
Batting: LHB Edward Bennett 0-0: Called Strike
0-1: Foul Ball, location: 2F
0-2: Foul Ball, location: 2F
0-2: Strikes out swinging
Batting: RHB Will Lott 0-0: Swinging Strike
0-1: Foul Ball, location: 2F
0-2: Foul Ball, location: 2F
0-2: Ball
1-2: Strikes out looking
Bottom of the 2nd over - 0 runs, 0 hits, 0 errors, 0 left on base; Greenville 3 - Chicago 0
TOP OF THE 3RD
Greenville 84s batting - Pitching for Chicago Machine : RHP Craig Smith
Batting: RHB Enzo Díaz 0-0: Ball
1-0: Foul Ball, location: 2F
1-1: Ball
2-1: Ball
3-1: Called Strike
3-2: Base on Balls
Batting: LHB Brock Larsen 0-0: 2-RUN HOME RUN (Flyball, 9LD), Distance : 367 ft
Batting: LHB Jimmy Vickers 0-0: Ball
1-0: Foul Ball, location: 2F
1-1: Called Strike
1-2: Foul Ball, location: 2F
1-2: Foul Ball, location: 2F
1-2: Strikes out swinging, 2-3 out at first.
Batting: RHB Casey Fox 0-0: Ball
1-0: Foul Ball, location: 2F
1-1: Ground out 3-1 (Groundball, 34)
Batting: LHB Robert Moore 0-0: Swinging Strike
0-1: Ball
1-1: Foul Ball, location: 2F
1-2: Foul Ball, location: 2F
1-2: Strikes out looking
Top of the 3rd over - 2 runs, 1 hit, 0 errors, 0 left on base; Greenville 5 - Chicago 0
BOTTOM OF THE 3RD
Chicago Machine batting - Pitching for Greenville 84s : RHP Andrés Vázquez
Batting: RHB Gonzalo Gil 0-0: Ground out 6-3 (Groundball, 6)
Batting: SHB Edward Bartlett 0-0: Ground out 5-3 (Groundball, 56)
Batting: RHB Pablo Sandoval 0-0: Ball
1-0: Ball
2-0: Ball
3-0: Called Strike
3-1: Ground out 1-3 (Groundball, 13S)
Bottom of the 3rd over - 0 runs, 0 hits, 0 errors, 0 left on base; Greenville 5 - Chicago 0
TOP OF THE 4TH
Greenville 84s batting - Pitching for Chicago Machine : RHP Craig Smith
Batting: RHB Robert Buckley 0-0: Ball
1-0: Called Strike
1-1: Fly out, F4 (Popup, 4)
Batting: RHB Jeff Packard 0-0: Fly out, F7 (Line Drive, 7)
Batting: LHB Stanley Smith 0-0: Ball
1-0: Ball
2-0: Ball
3-0: Called Strike
3-1: Called Strike
3-2: SINGLE (Line Drive, 78S)
Batting: LHB Juan Cortés 0-0: Ball
1-0: 2-RUN HOME RUN (Flyball, 9LD), Distance : 363 ft
Batting: RHB Enzo Díaz 0-0: Ball
1-0: Ball
2-0: Ball
3-0: Base on Balls
Batting: LHB Brock Larsen 0-0: Ball
1-0: Ball
2-0: DOUBLE (Flyball, 8LXD)
Enzo Díaz to third
Runner from 3rd tries for Home, SAFE, no throw
Batting: LHB Jimmy Vickers 0-0: Ball
1-0: Swinging Strike
1-1: Ball
2-1: Ball
3-1: Base on Balls
Batting: RHB Casey Fox 0-0: Called Strike
0-1: SINGLE (Line Drive, 7LM)
Brock Larsen to third
Jimmy Vickers to second
Runner from 3rd tries for Home, SAFE, no throw
Batting: LHB Robert Moore 0-0: Foul Ball, location: 2F
0-1: Ball
1-1: Called Strike
1-2: Ball
2-2: Ball
3-2: Base on Balls
Jimmy Vickers to third
Casey Fox to second
Batting: RHB Robert Buckley 0-0: Fly out, F5 (Line Drive, 56)
Top of the 4th over - 4 runs, 4 hits, 0 errors, 3 left on base; Greenville 9 - Chicago 0
BOTTOM OF THE 4TH
Chicago Machine batting - Pitching for Greenville 84s : RHP Andrés Vázquez
Batting: LHB Burt Ward 0-0: Swinging Strike
0-1: Foul Ball, location: 2F
0-2: Strikes out swinging
Batting: RHB Doug Stephens 0-0: Foul Ball, location: 2F
0-1: Swinging Strike
0-2: Ball
1-2: Ground out 6-3 (Groundball, 6)
Batting: LHB Bernardo Montés 0-0: Ball
1-0: Ball
2-0: Ball
3-0: Called Strike
3-1: Called Strike
3-2: Foul Ball, location: 2F
3-2: Foul Ball, location: 2F
3-2: Fly out, F7 (Flyball, 7LMF)
Bottom of the 4th over - 0 runs, 0 hits, 0 errors, 0 left on base; Greenville 9 - Chicago 0
TOP OF THE 5TH
Greenville 84s batting - Pitching for Chicago Machine : RHP Craig Smith
Batting: RHB Jeff Packard 0-0: Ball
1-0: Fly out, F9 (Line Drive, 89M)
Batting: LHB Stanley Smith 0-0: Ball
1-0: Fly out, F5 (Popup, 56S)
Batting: LHB Juan Cortés 0-0: Called Strike
0-1: SOLO HOME RUN (Flyball, 9LD), Distance : 377 ft
Batting: RHB Enzo Díaz 0-0: Ball
1-0: Fly out, F9 (Flyball, 9LSF)
Top of the 5th over - 1 run, 1 hit, 0 errors, 0 left on base; Greenville 10 - Chicago 0
BOTTOM OF THE 5TH
Chicago Machine batting - Pitching for Greenville 84s : RHP Andrés Vázquez
Batting: SHB José Alomar 0-0: Ball
1-0: Ball
2-0: Called Strike
2-1: Swinging Strike
2-2: Ball
3-2: Fly out, F7 (Flyball, 7)
Batting: LHB Edward Bennett 0-0: Called Strike
0-1: Ball
1-1: Called Strike
1-2: Foul Ball, location: 2F
1-2: Foul Ball, location: 2F
1-2: SINGLE (Groundball, 4MD)
Batting: RHB Will Lott 0-0: Ground out 6-3 (Groundball, 6S)
Edward Bennett to second
Batting: RHB Gonzalo Gil 0-0: Ball
1-0: Ground out 1-3 (Groundball, P)
Bottom of the 5th over - 0 runs, 1 hit, 0 errors, 1 left on base; Greenville 10 - Chicago 0
TOP OF THE 6TH
Greenville 84s batting - Pitching for Chicago Machine : RHP Craig Smith
Batting: LHB Brock Larsen 0-0: Called Strike
0-1: Ball
1-1: Ball
2-1: Foul Ball, location: 2F
2-2: SINGLE (Flyball, 8LS)
Batting: LHB Jimmy Vickers 0-0: Ball
Brock Larsen is caught stealing 2nd base
1-0: Ground out 4-3 (Groundball, 4)
Batting: RHB Casey Fox 0-0: Ball
1-0: Fly out, F7 (Flyball, 78M)
Top of the 6th over - 0 runs, 1 hit, 0 errors, 0 left on base; Greenville 10 - Chicago 0
BOTTOM OF THE 6TH
Chicago Machine batting - Pitching for Greenville 84s : RHP Andrés Vázquez
Batting: SHB Edward Bartlett 0-0: Swinging Strike
0-1: Called Strike
0-2: SINGLE (Groundball, 34D)
Batting: RHB Pablo Sandoval 0-0: Ball
1-0: Called Strike
1-1: Foul Ball, location: 2F
1-2: Ball
2-2: Foul Ball, location: 2F
2-2: Strikes out looking
Batting: LHB Burt Ward 0-0: Ball
1-0: Foul Ball, location: 2F
1-1: Fly out, F2 (Popup, 25F)
Batting: RHB Doug Stephens 0-0: Ball
1-0: Swinging Strike
1-1: Foul Ball, location: 2F
1-2: Ball
2-2: Fly out, F3 (Popup, 3S)
Bottom of the 6th over - 0 runs, 1 hit, 0 errors, 1 left on base; Greenville 10 - Chicago 0
TOP OF THE 7TH
Greenville 84s batting - Pitching for Chicago Machine : RHP Craig Smith
Batting: LHB Robert Moore 0-0: Ball
1-0: Ball
2-0: Ball
3-0: Called Strike
3-1: Fly out, F2 (Popup, 2LF)
Batting: RHB Robert Buckley 0-0: Called Strike
0-1: Foul Ball, location: 2F
0-2: Ball
1-2: Foul Ball, location: 2F
1-2: Strikes out swinging
Batting: RHB Jeff Packard 0-0: Ball
1-0: Fly out, F6 (Line Drive, 56)
Top of the 7th over - 0 runs, 0 hits, 0 errors, 0 left on base; Greenville 10 - Chicago 0
BOTTOM OF THE 7TH
Chicago Machine batting - Pitching for Greenville 84s : RHP Andrés Vázquez
Batting: LHB Bernardo Montés 0-0: Called Strike
0-1: Ball
1-1: Ball
2-1: Foul Ball, location: 2F
2-2: Ball
3-2: Strikes out swinging
Batting: SHB José Alomar 0-0: Ball
1-0: Called Strike
1-1: SINGLE (Flyball, 78M)
Batting: LHB Edward Bennett 0-0: Ball
1-0: Ball
2-0: Ball
3-0: Called Strike
3-1: Base on Balls
José Alomar to second
Batting: RHB Will Lott 0-0: Called Strike
0-1: Foul Ball, location: 2F
0-2: Ball
1-2: Grounds into double play, 6-4-3 (Groundball, 6)
Bottom of the 7th over - 0 runs, 1 hit, 0 errors, 1 left on base; Greenville 10 - Chicago 0
TOP OF THE 8TH
Greenville 84s batting - Pitching for Chicago Machine : RHP Craig Smith
Pitching: RHP Aaron Thrash
Batting: LHB Stanley Smith 0-0: Foul Ball, location: 2F
0-1: Called Strike
0-2: Strikes out looking
Batting: LHB Juan Cortés 0-0: Ball
1-0: Swinging Strike
1-1: Ground out 4-3 (Groundball, 4)
Batting: RHB Enzo Díaz 0-0: Foul Ball, location: 2F
0-1: Foul Ball, location: 2F
0-2: Fly out, F7 (Flyball, 7LS)
Top of the 8th over - 0 runs, 0 hits, 0 errors, 0 left on base; Greenville 10 - Chicago 0
BOTTOM OF THE 8TH
Chicago Machine batting - Pitching for Greenville 84s : RHP Andrés Vázquez
Batting: RHB Gonzalo Gil 0-0: Called Strike
0-1: Ball
1-1: Ball
2-1: Fly out, F6 (Popup, 6MD)
Batting: SHB Edward Bartlett 0-0: Ground out 6-3 (Groundball, 6)
Batting: RHB Pablo Sandoval 0-0: Called Strike
0-1: Called Strike
0-2: Ball
1-2: Fly out, F9 (Line Drive, 9S)
Bottom of the 8th over - 0 runs, 0 hits, 0 errors, 0 left on base; Greenville 10 - Chicago 0
TOP OF THE 9TH
Greenville 84s batting - Pitching for Chicago Machine : RHP Aaron Thrash
Pitching: RHP Wyatt Anderson
Batting: LHB Brock Larsen 0-0: Ground out 6-3 (Groundball, 6)
Batting: LHB Jimmy Vickers 0-0: Ball
1-0: Ball
2-0: Ball
3-0: Base on Balls
Batting: RHB Casey Fox 0-0: SINGLE (Groundball, 2L) (infield hit)
Jimmy Vickers to second
Batting: LHB Robert Moore 0-0: Ball
1-0: Reached on error, E1 (Groundball, 13S)
Jimmy Vickers to third
Casey Fox to second
Batting: RHB Robert Buckley 0-0: Called Strike
0-1: Swinging Strike
0-2: Strikes out looking
Batting: RHB Jeff Packard 0-0: Swinging Strike
0-1: Ball
1-1: Foul Ball, location: 2F
1-2: Ball
2-2: Strikes out swinging
Top of the 9th over - 0 runs, 1 hit, 1 error, 3 left on base; Greenville 10 - Chicago 0
BOTTOM OF THE 9TH
Chicago Machine batting - Pitching for Greenville 84s : RHP Andrés Vázquez
Pitching: RHP Alejandro Hernández
Batting: LHB Burt Ward 0-0: Ball
1-0: Ground out 6-3 (Groundball, 6M)
Batting: RHB Doug Stephens 0-0: Ball
1-0: Ball
2-0: Ball
3-0: Base on Balls
Batting: LHB Bernardo Montés 0-0: Called Strike
0-1: SINGLE (Flyball, 78S)
Doug Stephens to second
Batting: SHB José Alomar 0-0: Ball
1-0: Called Strike
1-1: Called Strike
1-2: Foul Ball, location: 2F
1-2: Ball
2-2: Ball
3-2: Foul Ball, location: 2F
3-2: Base on Balls
Doug Stephens to third
Bernardo Montés to second
Batting: LHB Edward Bennett 0-0: Ball
1-0: Foul Ball, location: 2F
1-1: Foul Ball, location: 2F
1-2: Ball
2-2: Ball
3-2: Strikes out swinging
Batting: RHB Will Lott 0-0: Foul Ball, location: 2F
0-1: SINGLE (Flyball, 89S)
Doug Stephens scores
Bernardo Montés to third
José Alomar to second
Batting: RHB Gonzalo Gil 0-0: Foul Ball, location: 2F
0-1: Ball
1-1: Swinging Strike
1-2: Ball
2-2: Foul Ball, location: 2F
2-2: Foul Ball, location: 2F
2-2: Ball
3-2: Foul Ball, location: 2F
3-2: Foul Ball, location: 2F
3-2: Base on Balls
Bernardo Montés scores
José Alomar to third
Will Lott to second
Batting: SHB Edward Bartlett 0-0: Called Strike
0-1: Called Strike
0-2: Ball
1-2: Foul Ball, location: 2F
1-2: SINGLE (Line Drive, 56D)
José Alomar scores
Will Lott to third
Gonzalo Gil to second
Pitching: LHP Júlio Gracía
Batting: RHB Pablo Sandoval 0-0: Ball
1-0: Ball
2-0: Ball
3-0: Base on Balls
Will Lott scores
Gonzalo Gil to third
Edward Bartlett to second
Batting: LHB Burt Ward 0-0: Ball
1-0: Ball
2-0: Ball
3-0: Called Strike
3-1: Foul Ball, location: 2F
3-2: Ground out 6-3 (Groundball, 6)
Bottom of the 9th over - 4 runs, 3 hits, 0 errors, 3 left on base; Greenville 10 - Chicago 4
Saturday, April 7th, 2018 - OOTP Baseball 18.8 Build 76